 Dungeon Crawl Stone Soup version 0.28-a0-1387-g3a22ab9bdc (webtiles) character file.

Game seed: 13347228066100899295

163 soylentgreeen202 the Slasher (level 5, -3/45 HPs)
             Began as a Minotaur Fighter on Dec 28, 2021.
             Was a Follower of Nemelex Xobeh.
             Killed from afar by a white imp (10 damage)
             ... with a puff of frost
             ... summoned by Natasha
             ... on level 2 of the Dungeon on Jan 3, 2022.
             The game lasted 00:13:31 (1707 turns).

soylentgreeen202 the Slasher (Minotaur Fighter)     Turns: 1707, Time: 00:13:31

Health: -3/45      AC:  6    Str: 23    XL:     5   Next: 20%
Magic:  4/4        EV:  9    Int:  5    God:    Nemelex Xobeh [*.....]
Gold:   96         SH:  4    Dex:  9    Spells: 4/4 levels left

rFire   . . .      SeeInvis .   a - +0 long sword
rCold   . . .      Faith    .   c - +0 buckler
rNeg    . . .      Spirit   .   b - +0 scale mail
rPois   .          Reflect  .   (helmet restricted)
rElec   .          Harm     .   (no cloak)
rCorr   .          Rampage  .   (no gloves)
Will    .....                   (no boots)
Stlth   ..........              (no amulet)
HPRegen 0.15/turn               (no ring)
MPRegen 0.09/turn               (no ring)

@: no status effects
A: horns 2, retaliatory headbutt
a: Renounce Religion, Draw Escape, Draw Destruction, Draw Summoning


You were on level 2 of the Dungeon.
You worshipped Nemelex Xobeh.
Nemelex Xobeh was aware of your devotion.
You visited 1 branch of the dungeon, and saw 3 of its levels.

You collected 96 gold pieces.

Inventory:

Hand Weapons
 a - a +0 long sword (weapon)
 k - a +0 dagger
 p - a +4 dagger
Missiles
 h - 89 stones (quivered)
 n - 21 bolts
Armour
 b - a +0 scale mail (worn)
 c - a +0 buckler (worn)
 e - a +0 kite shield
Jewellery
 f - an amulet of the acrobat
 j - an amulet of faith
Wands
 m - a wand of polymorph (6)
Scrolls
 g - 3 scrolls of identify {unknown}
 l - 2 scrolls of fear {unknown}
 o - a scroll of silence {unknown}
Potions
 d - 2 potions of might
 i - a potion of brilliance {unknown}
 q - a potion of heal wounds {unknown}


   Skills:
 - Level 3.6 Fighting
 + Level 6.6 Long Blades
 - Level 3.6 Armour
 - Level 0.1 Dodging
 - Level 3.6 Shields


You had 4 spell levels left.
You didn't know any spells.
Your spell library contained the following spells:

 Spells                   Type           Power      Damage    Failure   Level
 Conjure Flame            Conj/Fire      0%         6-21      99%         3
 Ignite Poison            Fire/Tmut/Pois 0%         N/A       99%         3
 Sticky Flame             Conj/Fire      0%         2d3       100%        4


Dungeon Overview and Level Annotations

Branches:
Dungeon (3/15)

Altars:
Nemelex Xobeh

Shops:
D:1 [*

Annotations:
D:2 exclusion: upstairs, Natasha, Sigmund
D:3 exclusion: upstairs


Innate Abilities, Weirdness & Mutations

You have a pair of horns on your head.
You reflexively headbutt those who attack you in melee.


Message History

The crimson imp hits you but does no damage.
You closely miss Natasha.
Natasha is almost dead.
Natasha drinks a potion.
Natasha is healed!
The crimson imp blinks!
You closely miss Natasha.
Natasha is heavily wounded.
Natasha closely misses you.
The shadow imp hits you but does no damage.
Natasha casts a spell at you. The magic dart hits you.
You barely miss Natasha.
Natasha is heavily wounded.
The shadow imp gestures at you.
You barely resist. Natasha claws you but does no damage.
You closely miss Natasha.
Natasha is heavily wounded.
The crimson imp blinks!
You block the shadow imp's attack. Natasha claws you!
Your scale mail prevents you from hitting Natasha.
Natasha is heavily wounded.
The shadow imp puffs mist at you. The shadow imp gestures at you.
Pain shoots through your body! Natasha casts a spell at you.
You resist with some effort.
You draw a card...
You have drawn Degeneration.
Natasha evaporates and reforms as a jelly!
Natasha twists and deforms.
The shadow imp evaporates and reforms as a white imp!
The white imp twists and deforms.
The crimson imp evaporates and reforms as a shadow imp!
The shadow imp twists and deforms.
The white imp gestures at you. The puff of frost hits you!
* * * LOW HITPOINT WARNING * * *
The shadow imp spits at you. The shadow imp barely misses you.
The white imp gestures at you. The puff of frost hits you!
You die...
Your body disappears without a glow.

##...###...# #.
##)..####.# ##
##..[.##.#
###)##..#.###
#...........##
#....).......######
####..)>..........††.#
#....5#..#####.#.###.##
#.....@....# #.#.# #...
#......###.###.......##
#....J.##.............
#.....5...#.##.####...
#.÷....####.##.# ###)#
#####...### .#.# ..
###.......# .. ..
##....##.#....#
###..##.##.####..


You could see Natasha the jelly (misshapen), a white imp (summoned, misshapen)
and a shadow imp (summoned, misshapen).

Vanquished Creatures
  Natasha (twice) (D:2)
  2 gnolls
  4 adders
  9 bats
  3 endoplasms
  10 giant cockroaches
  4 goblins
  5 hobgoblins
  4 quokkas
  3 ball pythons (D:1)
  A frilled lizard (D:1)
  6 kobolds
  4 rats
  2 toadstools (D:1)
59 creatures vanquished.

Vanquished Creatures (others)
  2 toadstools (D:1)
2 creatures vanquished.

Grand Total: 61 creatures vanquished

Notes
Turn   | Place    | Note
-------+----------+-------------------------------------------
     0 | D:1      | soylentgreeen202 the Minotaur Fighter began the quest for
                  | the Orb.
     0 | D:1      | Reached XP level 1. HP: 19/19 MP: 0/0
    84 | D:1      | Reached skill level 3 in Long Blades
   135 | D:1      | Found Diqe's Antique Armour Boutique.
   140 | D:1      | Reached XP level 2. HP: 25/26 MP: 1/1
   218 | D:1      | Found a faded altar of an unknown god.
   269 | D:1      | Prayed at the altar of an unknown god.
   269 | D:1      | Became a worshipper of Nemelex Xobeh the Trickster
   269 | D:1      | Reached * piety under Nemelex Xobeh
   304 | D:1      | Upgraded the game from 0.28-a0-1312-g71652a0310 to
                  | 0.28-a0-1382-g92835e5c71
   419 | D:1      | Found Fiviapn's Assorted Antiques.
   445 | D:1      | Reached skill level 4 in Long Blades
   455 | D:1      | Received a gift from Nemelex Xobeh
   650 | D:2      | Noticed Sigmund
   767 | D:2      | Reached XP level 3. HP: 31/31 MP: 2/2
  1011 | D:2      | Reached skill level 5 in Long Blades
  1115 | D:3      | Reached XP level 4. HP: 13/39 MP: 3/3
  1164 | D:2      | Upgraded the game from 0.28-a0-1382-g92835e5c71 to
                  | 0.28-a0-1387-g3a22ab9bdc
  1546 | D:2      | Noticed Natasha
  1549 | D:2      | Killed Natasha
  1550 | D:2      | Reached skill level 6 in Long Blades
  1577 | D:2      | Reached XP level 5. HP: 38/45 MP: 4/4
  1613 | D:2      | Noticed Natasha
  1619 | D:2      | Killed Natasha
  1692 | D:2      | Noticed Natasha
  1704 | D:2      | Noticed Natasha
  1704 | D:2      | Natasha changed into Natasha the jelly
  1707 | D:2      | Killed from afar by a white imp

Illustrated notes

Levels and vault maps discovered:
D:1:      ldierk_water_garden, layout_rooms,
          hellmonk_ecumenical_altar_inner_sanctum, serial_shops,
          nicolae_shop_crystal, nicolae_shop_crystal, minmay_worlds_worst_comb
D:2:      layout_rooms, basic_altar, uniq_natasha, uniq_sigmund
D:3:      layout_rooms

Skill      XL: |  1  2  3  4 |
---------------+-------------+-----
Long Blades    | 3 4 5 6 |  6.6
Fighting       | |  3.6
Armour         | |  3.6
Dodging        | |  0.1
Shields        | |  3.6

Action                   |  1- 3 |  4- 6 || total
-------------------------+-------+-------++-------
Melee: Long sword        |    84 |    46 ||   130
       Headbutt          |    16 |     5 ||    21
Invok: Draw Destruction  |       |     1 ||     1
Armor: Scale mail        |    40 |    14 ||    54
Dodge: Dodged            |    28 |    14 ||    42
Block: Buckler           |    15 |     6 ||    21

Table legend: (Time is in decaauts)
 A = Elapsed time spent in this place.
 B = Non-inter-level travel time spent in this place.
 C = Inter-level travel time spent in this place.
 D = Time resting spent in this place.
 E = Time spent auto-exploring this place.
 F = Levels seen in this place.
 G = Mean time per level.
                   A        B        C        D        E       F      G
               +--------+--------+--------+--------+--------+-----+--------+
         Total |   1739 |   1676 |     63 |    487 |    442 |   3 |  579.7 |
       Dungeon |   1739 |   1676 |     63 |    487 |    442 |   3 |  579.7 |
               +--------+--------+--------+--------+--------+-----+--------+

Top non-repeatable levels by time:
     D:1: 763 daAuts
     D:2: 675 daAuts
     D:3: 300 daAuts
